 Dungeon Crawl Stone Soup version 0.22.1-1-ga44c0e56f4 (webtiles) character file.

361 Cykl0x the Chopper (level 6, 0/39 HPs)
             Began as a Gargoyle Berserker on Oct 19, 2018.
             Was a Priest of Trog.
             Slain by an ogre
             ... wielding a +0 giant spiked club
              (16 damage)
             ... on level 4 of the Dungeon.
             The game lasted 00:08:13 (2449 turns).

Cykl0x the Chopper (Gargoyle Berserker)             Turns: 2449, Time: 00:08:13

Health: 0/39       AC: 12    Str: 21    XL:     6   Next: 66%
Magic:  6/6        EV: 12    Int:  7    God:    Trog [***...]
Gold:   125        SH:  0    Dex: 11    Spells: 5/5 levels left

rFire    . . .     SeeInvis .   a - +0 war axe
rCold    . . .     Gourm    .   (no shield)
rNeg     + . .     Faith    .   g - +0 scale mail
rPois    ∞         Spirit   .   (no helmet)
rElec    +         Reflect  .   (no cloak)
rCorr    .         Harm     .   l - +0 pair of gloves
MR       .....                  (no boots)
Stlth    ..........             (no amulet)
HPRegen  0.13/turn              i - +2 ring of evasion
MPRegen  0.10/turn              (no ring)

@: no status effects
A: negative energy resistance 1, electricity resistance, unbreathing,
petrification resistance, rot immunity, AC +4
a: Berserk, Trog's Hand, Renounce Religion


You were on level 4 of the Dungeon.
You worshipped Trog.
Trog was most pleased with you.
You were not hungry.

You visited 1 branch of the dungeon, and saw 4 of its levels.

You collected 125 gold pieces.

Inventory:

Hand Weapons
 a - a +0 war axe (weapon)
 q - a +1 hand axe of flaming
Armour
 b - a +0 animal skin
 g - a +0 scale mail (worn)
 l - a +0 pair of gloves (worn)
Jewellery
 i - a +2 ring of evasion (left hand)
 s - an uncursed ring of protection from magic {unknown}
Wands
 p - a wand of paralysis (8)
Scrolls
 e - 3 scrolls of identify
 j - a scroll of magic mapping
 k - a scroll of enchant weapon {unknown}
 o - a scroll of teleportation
 t - a scroll of enchant armour {unknown}
Potions
 f - a potion of ambrosia {unknown}
 h - a potion of haste {unknown}
 m - 2 potions of curing {unknown}
 n - a potion of agility {unknown}
 r - a potion of brilliance {unknown}
Comestibles
 c - 5 rations


   Skills:
 + Level 4.3 Fighting
 + Level 5.1 Axes
 + Level 0.2 Throwing
 + Level 3.6 Armour
 + Level 2.4 Dodging
 + Level 0.4 Stealth


You had 5 spell levels left.
You didn't know any spells.
Your spell library was empty.

Dungeon Overview and Level Annotations

Branches:
Dungeon (4/15)
 Temple: D:4-7

Altars:


Innate Abilities, Weirdness & Mutations

You are resistant to torment.
Your stone body is resilient. (AC +4)
You are immune to poison.
You resist negative energy. (rN+)
You are resistant to electric shocks. (rElec)
You can survive without breathing.
You are immune to petrification.
You are immune to rotting.


Message History

The ogre shouts!
You hear a shout!
Found 16 stones.
Throwing (i - inventory)
d - 2 tomahawks (quivered)
Press: ? - help, Shift-Dir - straight line, f - ogre
Aim: an ogre, wielding a giant spiked club You throw a tomahawk.
The tomahawk closely misses the ogre.
Throwing (i - inventory)
d - a tomahawk (quivered)
Press: ? - help, Shift-Dir - straight line, f/p - ogre
Aim: an ogre, wielding a giant spiked club You throw a tomahawk.
The tomahawk hits the ogre but does no damage.
Found a gnarled runed staff.
You hit the ogre.
The ogre is moderately wounded.
The ogre hits you with a giant spiked club!
Your scale mail prevents you from hitting the ogre.
The ogre is moderately wounded.
A gnoll comes into view. It is wielding a whip.
The ogre hits you with a giant spiked club!
You die...

### #.. #.# #.# #.# #.#
######.#############
.....((.(..........#####
......(.........@O..(.(g
######.#######.####(####
#(# #.# #####'#######.#
#.....).......#
#......######## #......#
#......# #......#


You could see an ogre and a gnoll (wandering).

Vanquished Creatures
  A howler monkey (D:3)
  A crimson imp (D:4)
  An orc priest (D:4)
  A centaur skeleton (D:4)
  2 orc wizards
  A worker ant (D:3)
  4 gnolls (D:3)
  2 adders
  An ooze (D:2)
  A worm (D:2)
  2 dart slugs
  2 leopard geckos
  15 orcs
  4 giant cockroaches
  8 goblins
  9 hobgoblins
  6 kobolds
  A quokka (D:2)
  A ball python (D:3)
  4 bats (D:2)
  3 frilled lizards
  7 rats
77 creatures vanquished.

Notes
Turn   | Place    | Note
-------+----------+-------------------------------------------
     0 | D:1      | Cykl0x the Gargoyle Berserker began the quest for the Orb.
     0 | D:1      | Reached XP level 1. HP: 14/14 MP: 1/1
   196 | D:1      | Reached XP level 2. HP: 12/19 MP: 2/2
   858 | D:2      | Reached skill level 3 in Axes
   936 | D:2      | Reached XP level 3. HP: 24/24 MP: 3/3
  1117 | D:2      | Reached ** piety under Trog
  1471 | D:2      | Reached XP level 4. HP: 29/29 MP: 4/4
  1570 | D:3      | Reached skill level 4 in Axes
  1702 | D:3      | Reached XP level 5. HP: 15/33 MP: 5/5
  2307 | D:4      | Reached *** piety under Trog
  2307 | D:4      | Reached XP level 6. HP: 32/38 MP: 6/6
  2363 | D:4      | Reached skill level 5 in Axes
  2449 | D:4      | Slain by an ogre

Skill      XL: |  1  2  3  4  5  6 |
---------------+-------------------+-----
Axes           | 3 4 5 |  5.1
Armour         | 3 |  3.6
Fighting       | 4 |  4.3
Dodging        | 2 |  2.4
Throwing       | |  0.2
Stealth        | |  0.4

Action                   |  1- 3 |  4- 6 || total
-------------------------+-------+-------++-------
Melee: Hand axe          |   107 |   122 ||   229
       War axe           |       |    14 ||    14
Throw: Tomahawk          |     9 |     4 ||    13
  Use: Scroll            |     5 |     1 ||     6
  Eat: Ration            |     1 |     1 ||     2
       Chunk             |       |     1 ||     1
Armor: Animal skin       |     6 |       ||     6
       Scale mail        |    45 |    70 ||   115
Dodge: Dodged            |    60 |   105 ||   165
